AoeStats
← NotGG

African Clearing

510330779Analyzed
4v4 RM · 2d ago on Sep 30, 2026· 70m 57s· 8 players
Game mode
Random Map
Map size
Large (8 player)
Population
200
Speed
Normal
Resources
Standard
Victory
Conquest
Starting age
Dark Age
Ending age
Imperial Age
RankedLock teamsTeams togetherTeam positionsShared explorationLock speedFull tech treeHidden civsTurbo modeCheats
Victory
Defeat
🇵🇰 Magyars · Pakistan
1330
+12
🇰🇷 Vietnamese · South Korea
1243
+15
🇵🇰 Varangians · Pakistan
1235
+16
🇮🇳 Bulgarians · India
1087
+22
🇨🇳 Huns · China
1292
-19
🇨🇳 Spanish · China
1218
-16
🇦🇷 Vietnamese · Argentina
1216
-16
🇵🇱 Mongols · Poland
1178
-14
jkeR.!
10:30 Loom
15:19 Feudal Age
22:56 Castle Age
29:15 Double-Bit Axe
29:12 Horse Collar
30:33 Padded Archer Armor
36:15 Fletching
40:25 Wheelbarrow
40:27 Bodkin Arrow
41:29 Ballistics
41:37 Gold Mining
41:39 Stone Mining
42:10 Bow Saw
42:28 Leather Archer Armor
43:25 Stone Shaft Mining
44:03 Hand Cart
49:43 Imperial Age
51:45 Chemistry
50:51 Siege Engineers
50:57 Fortified Wall
51:10 Conscription
52:40 Light Cavalry
53:30 Bloodlines
53:21 Husbandry
53:15 Elite Skirmisher
54:01 Thumb Ring
54:26 Parthian Tactics
55:12 Bracer
55:02 Imperial Skirmisher
60:41 Forging
66:14 Hussar
67:35 Scale Barding Armor
67:41 Forging
67:38 Heavy Plow
钓你吗钓
13:14 Feudal Age
16:44 Castle Age
15:21 Gold Mining
15:43 Double-Bit Axe
17:54 Loom
18:48 Horse Collar
20:42 Padded Archer Armor
26:37 Wheelbarrow
27:17 Leather Archer Armor
28:04 Stone Mining
29:06 Fletching
30:29 Heavy Plow
31:23 Husbandry
32:00 Bloodlines
35:11 Hand Cart
35:23 Bow Saw
35:50 Stone Shaft Mining
35:19 Bodkin Arrow
38:45 Imperial Age
36:05 Elite Skirmisher
37:10 Thumb Ring
40:28 Ring Archer Armor
42:45 Chemistry
41:47 Elite Conquistador
43:27 Ballistics
44:02 Bracer
44:37 Light Cavalry
45:53 Bombard Tower
46:49 Squires
46:10 Pikeman
46:55 Hussar
47:16 Imperial Skirmisher
48:47 Scale Barding Armor
50:28 Fortified Wall
51:17 Arson
51:34 Scale Mail Armor
51:43 Gambesons
52:16 Halberdier
54:06 Chain Mail Armor
57:24 Forging
63:58 Chain Barding Armor
64:14 Iron Casting
63:37 Town Watch
64:25 Plate Mail Armor
65:34 Conscription
66:13 Plate Barding Armor
68:14 Cavalier
山水先生
11:57 Loom
14:14 Feudal Age
19:28 Castle Age
17:57 Double-Bit Axe
20:53 Bow Saw
22:27 Town Watch
25:04 Horse Collar
28:44 Fletching
29:34 Bodkin Arrow
30:45 Wheelbarrow
31:39 Heavy Plow
35:25 Imperial Age
33:12 Gold Mining
34:47 Scale Barding Armor
34:52 Forging
35:43 Gold Shaft Mining
36:01 Husbandry
36:12 Bloodlines
36:24 Chain Barding Armor
36:53 Iron Casting
35:42 Cavalier
37:56 Plate Barding Armor
38:58 Hand Cart
39:07 Paladin
40:59 Conscription
42:33 Blast Furnace
41:35 Bracer
42:00 Guilds
41:48 Stone Mining
42:41 Scale Mail Armor
66:30 Two-Man Saw
66:06 Squires
NotGG
4:06 Loom
11:24 Feudal Age
17:04 Castle Age
15:27 Stone Mining
Zuku
5:57 Loom
12:19 Feudal Age
13:44 Bloodlines
15:50 Scale Barding Armor
15:58 Double-Bit Axe
16:50 Horse Collar
23:38 Fletching
26:44 Castle Age
29:16 Bow Saw
32:23 Heavy Plow
32:08 Fishing Lines
33:13 Forging
33:10 Gold Mining
34:15 Wheelbarrow
34:49 Stone Mining
35:06 Gillnets
35:52 Hand Cart
39:04 Imperial Age
37:35 Chain Barding Armor
37:50 Iron Casting
38:13 Stone Shaft Mining
39:02 Ballistics
38:41 Town Watch
39:05 Bodkin Arrow
40:10 Conscription
41:05 Blast Furnace
40:08 Husbandry
41:15 Elite Jarl
43:07 Plate Barding Armor
48:16 Guilds
49:24 Chemistry
50:21 Coinage
52:44 Gothikon
53:56 Banking
53:47 Bracer
53:53 Siege Engineers
53:59 Masonry
56:47 Caravan
62:08 Architecture
61:18 Treadmill Crane
coys
3:32 Loom
14:09 Feudal Age
14:44 Double-Bit Axe
18:20 Castle Age
19:04 Fletching
19:36 Bodkin Arrow
23:51 Padded Archer Armor
25:34 Ballistics
29:46 Bloodlines
31:50 Husbandry
32:10 Leather Archer Armor
33:23 Wheelbarrow
32:43 Horse Collar
34:01 Thumb Ring
36:34 Heavy Plow
36:47 Gold Mining
36:48 Stone Mining
41:25 Imperial Age
39:10 Corvinian Army
39:41 Scale Barding Armor
40:44 Chain Barding Armor
42:06 Bracer
43:21 Chemistry
42:15 Heavy Cavalry Archer
43:39 Parthian Tactics
43:43 Conscription
43:27 Heavy Cavalry Archer
52:17 Hoardings
52:02 Masonry
62:27 Light Cavalry
63:39 Ring Archer Armor
63:35 Hussar
64:51 Plate Barding Armor
PAWA
3:25 Loom
14:36 Feudal Age
19:15 Castle Age
17:20 Double-Bit Axe
17:31 Fletching
18:13 Padded Archer Armor
19:54 Bodkin Arrow
27:13 Horse Collar
29:44 Ballistics
34:48 Wheelbarrow
36:19 Bow Saw
39:09 Imperial Age
36:53 Scale Barding Armor
36:58 Forging
37:37 Forging
37:51 Leather Archer Armor
38:12 Bloodlines
38:03 Husbandry
38:17 Chatras
39:13 Iron Casting
38:49 Heavy Plow
39:07 Hand Cart
40:32 Bracer
41:04 Thumb Ring
42:38 Chemistry
42:26 Paper Money
43:57 Two-Man Saw
43:20 Chain Barding Armor
44:19 Plate Barding Armor
44:03 Elite Skirmisher
46:00 Ring Archer Armor
44:53 Imperial Skirmisher
46:33 Town Watch
46:55 Light Cavalry
46:58 Elite Battle Elephant
48:55 Gold Mining
48:56 Stone Mining
50:13 Town Patrol
51:21 Bombard Tower
51:49 Pikeman
52:29 Squires
52:31 Scale Mail Armor
53:55 Stone Shaft Mining
54:27 Chain Mail Armor
54:00 Arson
The Jinn
9:42 Loom
14:04 Feudal Age
15:16 Double-Bit Axe
17:20 Horse Collar
20:02 Castle Age
19:33 Stone Mining
19:35 Gold Mining
20:30 Scale Barding Armor
20:35 Forging
23:57 Fletching
27:15 Murder Holes
28:02 Stone Shaft Mining
28:03 Gold Shaft Mining
29:02 Gold Shaft Mining
29:24 Bodkin Arrow
29:40 Forging
32:13 Chain Barding Armor
32:28 Iron Casting
33:40 Heavy Plow
36:12 Wheelbarrow
38:48 Hand Cart
39:15 Bloodlines
42:22 Ballistics
42:06 Husbandry
45:56 Imperial Age
45:43 Scale Mail Armor
46:35 Elite Konnik
47:54 Plate Barding Armor
48:23 Blast Furnace
49:11 Stirrups
50:16 Pikeman
50:44 Arson
51:02 Squires
50:49 Gambesons
51:04 Halberdier
54:19 Bow Saw
57:42 Crop Rotation
58:00 Conscription
59:54 Chain Mail Armor
65:14 Plate Mail Armor
65:06 Bracer
Connection lost

Rejoining the realm…

Still unreachable

The connection could not be restored.

Session expired

The server has moved on; the page needs a fresh start.